 Dungeon Crawl Stone Soup version 0.29.1-2-gbd0b4ee654 (webtiles) character file.

Game seed: 15602196844504320082

4059 fleeber the Thaumaturge (level 10, -1/61 HPs)
             Began as a Deep Elf Conjurer on Nov 6, 2022.
             Was a Believer of Vehumet.
             Killed from afar by a steam dragon (16 damage)
             ... with a ball of steam
             ... on level 7 of the Dungeon.
             The game lasted 00:55:43 (10433 turns).

fleeber the Thaumaturge (Deep Elf Conjurer)        Turns: 10433, Time: 00:55:44

Health: -1/61      AC:  5    Str:  4    XL:     10   Next: 4%
Magic:  5/25       EV: 12    Int: 28    God:    Vehumet [**....]
Gold:   345        SH:  0    Dex: 13    Spells: 19/28 levels left

rFire   . . .      SeeInvis .   C - +2 dagger (elec)
rCold   + . .      Faith    .   (no shield)
rNeg    . . .      Spirit   .   t - +0 robe {Will+}
rPois   .          Reflect  .   p - +1 hat
rElec   .          Harm     .   h - +0 cloak
rCorr   .          Rampage  .   (no gloves)
Will    ++...                   B - +0 pair of boots
Stlth   ++........              (no amulet)
HPRegen 0.20/turn               n - ring of protection from cold
MPRegen 0.19/turn               (no ring)

@: no status effects
A: no striking features
a: Renounce Religion


You were on level 7 of the Dungeon.
You worshipped Vehumet.
Vehumet was pleased with you.
You visited 2 branches of the dungeon, and saw 9 of its levels.

You collected 345 gold pieces.

Inventory:

Hand Weapons
 C - a +2 dagger of electrocution (weapon)
Missiles
 w - 2 throwing nets
Armour
 h - a +0 cloak (worn)
 p - a +1 hat (worn)
 t - a +0 robe of willpower (worn)
 B - a +0 pair of boots (worn)
Jewellery
 n - a ring of protection from cold (left hand)
Wands
 s - a wand of flame (9)
 u - a wand of digging (8)
Scrolls
 c - a scroll of noise
 e - a scroll of poison
 f - a scroll of enchant weapon
 j - a scroll of torment
 m - 6 scrolls of fear
 q - 2 scrolls of amnesia {unknown}
 v - a scroll of summoning {unknown}
 x - 2 scrolls of vulnerability {unknown}
Potions
 a - 2 potions of flight {unknown}
 d - 6 potions of curing {unknown}
 g - a potion of heal wounds {unknown}
 k - 3 potions of brilliance {unknown}
 l - 5 potions of haste {unknown}
 o - 2 potions of attraction {unknown}
 r - 2 potions of degeneration {unknown}
 z - a potion of mutation {unknown}
 A - 2 potions of berserk rage
 D - a potion of lignification {unknown}


   Skills:
 + Level 6.3 Fighting
 - Level 2.4 Dodging
 - Level 2.4 Stealth
 + Level 9.5 Spellcasting
 - Level 9.0 Conjurations
 - Level 8.0 Translocations


You had 19 spell levels left.
You knew the following spells:

 Your Spells              Type           Power      Damage    Failure   Level
a - Magic Dart            Conj           100%       1d8       1%          1
b - Blink                 Tloc           100%       N/A       1%          2
c - Searing Ray           Conj           100%       2d8       1%          2
d - Iskenderun's Mystic   Conj/Tloc      57%        2d12      1%          4

Your spell library contained the following spells:

 Spells                   Type           Power      Damage    Failure   Level
 Scorch                   Fire           26%        2d6       6%          2
 Foxfire                  Conj/Fire      100%       2x1d9     1%          1
 Conjure Flame            Conj/Fire      38%        6-21      1%          3
 Dazzling Flash           Conj/Hex       76%        N/A       1%          3
 Lesser Beckoning         Tloc           55%        N/A       1%          3
 Necrotise                Necr           52%        1d6       4%          1
 Manifold Assault         Tloc           55%        N/A       4%          5
 Flame Wave               Conj/Fire      38%        2d10      7%          4
 Fulminant Prism          Conj/Hex       19%        3d11      7%          4
 Inner Flame              Hex/Fire       13%        N/A       13%         3
 Vampiric Draining        Necr           13%        2d6       13%         3
 Summon Ice Beast         Ice/Summ       13%        N/A       38%         4
 Agony                    Necr           13%        N/A       75%         5
 Summon Mana Viper        Hex/Summ       13%        N/A       75%         5
 Monstrous Menagerie      Summ           6%         N/A       100%        7


Dungeon Overview and Level Annotations

Branches:
Dungeon (8/15)             Temple (1/1) D:6
   Lair: D:8-11

Altars:
Ashenzari
Cheibriados
Dithmenos
Elyvilon
Fedhas
Gozag
Hepliaklqana
Kikubaaqudgha
Makhleb
Nemelex Xobeh
Okawaru
Qazlal
Ru
Sif Muna
Trog
Uskayaw
Vehumet
Wu Jian
Xom
Yredelemnul
Zin
The Shining One

Annotations:
D:4 2 transporters, Sabo's ghost, amateur NaBe
D:6 2 transporters, Ekaitz's ghost, novice DsFE
D:7 1 runed translucent door, Smersh616's ghost, novice OpBr


Message History

The two-headed ogre barely misses you. x2
Casting: Iskenderun's Mystic Blast (dangerous; 1% risk of failure)
Confirm with . or Enter, or press ? or * to list all spells.
You erupt in a blast of force!
The mystic blast hits the steam dragon.
The steam dragon is lightly wounded.
The steam dragon is knocked back by the mystic blast.
The steam dragon collides with the wraith!
The steam dragon is moderately wounded.
The mystic blast hits the two-headed ogre!
The two-headed ogre is heavily wounded.
The two-headed ogre is knocked back by the mystic blast.
The two-headed ogre collides with the steam dragon!
The steam dragon is heavily wounded.
The two-headed ogre is severely wounded.
Casting: Iskenderun's Mystic Blast (dangerous; 1% risk of failure)
Confirm with . or Enter, or press ? or * to list all spells.
You erupt in a blast of force!
The mystic blast hits the steam dragon.
The steam dragon is severely wounded.
The steam dragon is knocked back by the mystic blast.
The mystic blast hits the two-headed ogre!
The two-headed ogre is almost dead.
Casting: Iskenderun's Mystic Blast (dangerous; 1% risk of failure)
Confirm with . or Enter, or press ? or * to list all spells.
You erupt in a blast of force!
The mystic blast hits the wraith but does no damage.
The mystic blast hits the two-headed ogre!!
You kill the two-headed ogre!
Vehumet accepts your kill.
You hear an angry growl.
Training target 9.0 for Conjurations reached!
Your Conjurations skill increases to level 9!
You have reached level 10!
Casting: Iskenderun's Mystic Blast (dangerous; 1% risk of failure)
Confirm with . or Enter, or press ? or * to list all spells.
You erupt in a blast of force!
The mystic blast hits the wraith!
The wraith is moderately damaged.
The wraith is knocked back by the mystic blast.
The steam dragon breathes steam at you. The ball of steam hits you!
You die...

#.# ###...# #.###.. #.# ....#
#.....#
#.#####.#########.#########.##
##......[....#.........#.......
#.......##...#.#.....#.#.#####.
#.##.........#.#..c..#.#W# ##
#.##.##.##...#.#.....#.#.# #
###.##.##........##..T##...# #
.....#.........#@.#...#..#.# #
###..########..#W§##.##..#.# # #
#..# #..##.§###..##.# # ###..#
#..###.D...###.# # ##...#
##..#####.#####.# ###..#
##...............# .....##
##.....####.####### #...>.#
##.......###.##.##
##.).####.........##.#...########


You could see a wraith.

Vanquished Creatures
  A two-headed ogre (D:7)
  Pikel (D:4)
  4 yaks (D:5)
  A water moccasin (D:5)
  A sky beast (D:7)
  An ogre (D:5)
  A centaur (D:6)
  2 lemures (D:4)
  3 phantoms
  A kobold brigand (D:7)
  2 scorpions
  2 bullfrogs
  6 necrophages
  A gnoll sergeant (D:5)
  5 wights (D:7)
  A vampire bat (D:5)
  3 hounds
  2 jellies
  2 orc priests
  A gnoll bouda (D:6)
  An iguana (D:5)
  Ijyb (D:4)
  Natasha (D:3)
  5 orc wizards
  12 gnolls
  5 adders
  3 white imps
  2 ufetubi
  3 worms
  3 dart slugs
  3 fire bats (D:5)
  18 orcs
  2 spectral bats (D:5)
  3 bat skeletons (D:5)
  A bat zombie (D:5)
  10 endoplasms
  5 giant cockroaches
  9 goblins
  11 hobgoblins
  3 jackals (D:1)
  7 quokkas
  8 ball pythons
  14 bats
  A bat simulacrum (D:5)
  5 frilled lizards
  7 kobolds
  3 rats
187 creatures vanquished.

Notes
Turn   | Place    | Note
-------+----------+-------------------------------------------
     0 | D:1      | fleeber the Deep Elf Conjurer began the quest for the Orb.
     0 | D:1      | Reached XP level 1. HP: 10/10 MP: 6/6
   172 | D:1      | Reached skill level 1 in Translocations
   172 | D:1      | Reached XP level 2. HP: 15/15 MP: 5/8
   451 | D:1      | Learned a level 2 spell: Blink
   454 | D:1      | Learned a level 2 spell: Searing Ray
   542 | D:1      | Reached XP level 3. HP: 17/19 MP: 6/10
  1060 | D:1      | Found a faded altar of an unknown god.
  1504 | D:2      | Reached skill level 5 in Conjurations
  1861 | D:2      | Reached XP level 4. HP: 24/24 MP: 3/12
  2229 | D:2      | Learned a level 4 spell: Iskenderun's Mystic Blast
  3013 | D:3      | Noticed Natasha
  3016 | D:3      | Killed Natasha
  3017 | D:3      | Reached XP level 5. HP: 24/28 MP: 10/14
  3386 | D:3      | Reached skill level 5 in Spellcasting
  3649 | D:4      | Reached XP level 6. HP: 32/32 MP: 12/16
  3694 | D:4      | Found an ancient bone altar of Kikubaaqudgha.
  3694 | D:4      | Found a shadowy altar of Dithmenos.
  3695 | D:4      | Found a blossoming altar of Fedhas.
  4301 | D:4      | Noticed Pikel
  4314 | D:4      | Killed Pikel
  4315 | D:4      | Reached XP level 7. HP: 3/36 MP: 1/20
  4683 | D:4      | You fall into a shaft and drop 3 floors!
  5310 | D:5      | Entered Level 5 of the Dungeon
  5369 | D:5      | Reached XP level 8. HP: 42/42 MP: 16/22
  5457 | D:5      | Reached skill level 1 in Fighting
  5653 | D:6      | Found a staircase to the Ecumenical Temple.
  5723 | Temple   | Entered the Ecumenical Temple
  5845 | Temple   | Became a worshipper of Vehumet
  5887 | D:6      | Found a transporter.
  5894 | D:6      | Noticed Ekaitz's ghost (novice DsFE)
  5967 | D:6      | Found a transporter.
  6325 | D:6      | Reached skill level 5 in Translocations
  6842 | D:4      | Found a transporter.
  6865 | D:4      | Found a transporter.
  6868 | D:4      | Noticed Sabo's ghost (amateur NaBe)
  6965 | D:4      | Found a burning altar of Makhleb.
  6965 | D:4      | Noticed Ijyb
  6975 | D:4      | Killed Ijyb
  7131 | D:5      | Reached XP level 9. HP: 37/52 MP: 3/23
  8080 | D:5      | Reached * piety under Vehumet
  8080 | D:5      | Offered knowledge of Sandblast by Vehumet.
  8132 | D:5      | Reached skill level 5 in Fighting
  8798 | D:7      | Found a runed translucent door.
  8798 | D:7      | Noticed Smersh616's ghost (novice OpBr)
  8798 | D:7      | Noticed a boulder beetle
  8911 | D:7      | Noticed a two-headed ogre
 10145 | D:7      | Offered knowledge of Scorch by Vehumet.
 10200 | D:7      | Reached ** piety under Vehumet
 10423 | D:7      | Noticed a troll
 10432 | D:7      | Killed a two-headed ogre
 10433 | D:7      | Reached XP level 10. HP: 15/61 MP: 9/25
 10433 | D:7      | Killed from afar by a steam dragon

Illustrated notes

Levels and vault maps discovered:
D:1:      dpeg_arrival_rhombus, layout_basic,
          shapermc_ecumenical_altar_hornbeckon, dk_noncrumbling_3
D:2:      layout_loops_cross
D:3:      layout_basic, nrook_campfire, hex_intersection, supply_closet_lemuel,
          uniq_natasha
D:4:      layout_basic, mainiacjoe_overflow_six_doors_small, minitemple,
          gammafunk_ghost_mausoleum, uniq_pikel, uniq_ijyb
D:5:      layout_cave_pools, goddamned_bats
D:6:      layout_loops_corners, minmay_temple_entry_slanted,
          gammafunk_ghost_stat_death
D:7:      minmay_the_grid_plus [minmay_the_grid_large_cup, minmay_the_grid_fan,
          minmay_the_grid_small_cups, minmay_the_grid_gridbox,
          minmay_the_grid_prize_four_corners], layout_loops_corners,
          ebering_ghost_inner_flame, minmay_increasing_density
D:8:      layout_loops_ring, enter_bailey_8, minmay_manual_macuahuitl
Temple:   nicolae_temple_two_arcs

Skill      XL: |  1  2  3  4  5  6  7  8  9 |
---------------+----------------------------+-----
Translocations | 1 2 3 4 7 8 |  8.0
Spellcasting   | 4 5 7 8 9 |  9.5
Conjurations   | 5 7 8 9 |  9.0
Fighting       | 4 6 |  6.3
Dodging        | |  2.4
Stealth        | |  2.4

Action                   |  1- 3 |  4- 6 |  7- 9 | 10-12 || total
-------------------------+-------+-------+-------+-------++-------
 Cast: Magic Dart        |   110 |    86 |   280 |       ||   476
       Searing Ray       |       |    17 |    72 |       ||    89
       Iskenderun's Myst |       |       |    13 |     1 ||    14
       Blink             |       |       |     1 |       ||     1
  Use: Potion            |       |     1 |       |       ||     1
       Scroll            |       |       |    12 |       ||    12
Armor: Robe              |     1 |     9 |    24 |       ||    34
Dodge: Dodged            |     5 |    18 |    68 |       ||    91
